Workbook

Sheet FTR - Results
G2: Results Tracker: KPI Dashboard | H2: Start Bank (Points) | I2: 100 | J2: Current Bank (Points) | K2: =N38+I2 -> 89.508 | L2: Total Points Staked | N2: =I38 -> 104
H3: Start Date | I3: 45901 | J3: PnL (Points +/-) | K3: =K2-I2 -> -10.492 | L3: Return on Investment (ROI) | N3: =K3/N2*100 -> -10.088462
H4: Active Days | I4: 26 | J4: Bank Growth (%) | K4: =K3/I2*100 -> -10.492 | L4: Return on Capital (ROC) | N4: =K3/I2*100 -> -10.492
B6: Day | C6: Date | D6: Comp | E6: Match | F6: Market | G6: Selection | H6: Price | I6: Points | J6: FT Result | K6: W/D/L | L6: Points (+/-) | M6: BF Comm | N6: Total Points
B7: 1 | C7: =I3 -> 45901 | D7: SED | E7: Huesca v Eibar | F7: BTTS | G7: Yes | H7: 2.3 | I7: 4 | J7: 2-1 | K7: W | L7: =IF(K7="w",(H7-1)*I7,-I7) -> 5.2 | M7: =IF(K7="w",(L7/100*2),0) -> 0.104 | N7: =L7-M7 -> 5.096
B8: 2 | C8: =C7+1 -> 45902 | D8: No Selection | L8: =IF(K8="w",(H8-1)*I8,-I8) -> 0 | M8: =IF(K8="w",(L8/100*2),0) -> 0 | N8: =L8-M8 -> 0
B9: 3 | C9: =C8+1 -> 45903 | D9: No Selection | L9: =IF(K9="w",(H9-1)*I9,-I9) -> 0 | M9: =IF(K9="w",(L9/100*2),0) -> 0 | N9: =L9-M9 -> 0
B10: 4 | C10: =C9+1 -> 45904 | D10: WCQ | E10: Georgia v Turkiye | F10: O/U 2.5 | G10: Over | H10: 1.9 | I10: 4 | J10: 2-3 | K10: W | L10: =IF(K10="w",(H10-1)*I10,-I10) -> 3.6 | M10: =IF(K10="w",(L10/100*2),0) -> 0.072 | N10: =L10-M10 -> 3.528
B11: 5 | C11: =C10+1 -> 45905 | D11: WCQ | E11: Ukraine v France | F11: BTTS | G11: Yes | H11: 2.12 | I11: 4 | J11: 0-2 | K11: L | L11: =IF(K11="w",(H11-1)*I11,-I11) -> -4 | M11: =IF(K11="w",(L11/100*2),0) -> 0 | N11: =L11-M11 -> -4
B12: 6 | C12: =C11+1 -> 45906 | D12: WCQ | E12: Ireland v Hungary | F12: BTTS | G12: Yes | H12: 2.1 | I12: 4 | J12: 2-2 | K12: W | L12: =IF(K12="w",(H12-1)*I12,-I12) -> 4.4 | M12: =IF(K12="w",(L12/100*2),0) -> 0.088 | N12: =L12-M12 -> 4.312
B13: 7 | C13: =C12+1 -> 45907 | D13: WCQ | E13: Turkiye v Spain | F13: HT / FT | G13: Spain/Spain | H13: 2.6 | I13: 4 | J13: 0-6 | K13: W | L13: =IF(K13="w",(H13-1)*I13,-I13) -> 6.4 | M13: =IF(K13="w",(L13/100*2),0) -> 0.128 | N13: =L13-M13 -> 6.272
B14: 8 | C14: =C13+1 -> 45908 | D14: WCQ | E14: Greece v Denmark | F14: Match Odds | G14: Greece | H14: 2.72 | I14: 4 | J14: 0-3 | K14: L | L14: =IF(K14="w",(H14-1)*I14,-I14) -> -4 | M14: =IF(K14="w",(L14/100*2),0) -> 0 | N14: =L14-M14 -> -4
B15: 9 | C15: =C14+1 -> 45909 | D15: WCQ | E15: Serbia v England | F15: MO&O/U 2.5 Goals | G15: England/Under | H15: 4 | I15: 4 | J15: 0-5 | K15: L | L15: =IF(K15="w",(H15-1)*I15,-I15) -> -4 | M15: =IF(K15="w",(L15/100*2),0) -> 0 | N15: =L15-M15 -> -4
B16: 10 | C16: =C15+1 -> 45910 | D16: No Selection | L16: 0 | M16: =IF(K16="w",(L16/100*2),0) -> 0 | N16: =L16-M16 -> 0
B17: 11 | C17: =C16+1 -> 45911 | D17: No Selection | L17: =IF(K17="w",(H17-1)*I17,-I17) -> 0 | M17: =IF(K17="w",(L17/100*2),0) -> 0 | N17: =L17-M17 -> 0
B18: 12 | C18: =C17+1 -> 45912 | D18: LAL | E18: Sevilla v Elche | F18: MO&O/U 2.5 Goals | G18: Sevilla / Under | H18: 4.1 | I18: 4 | J18: 2-2 | K18: L | L18: =IF(K18="w",(H18-1)*I18,-I18) -> -4 | M18: =IF(K18="w",(L18/100*2),0) -> 0 | N18: =L18-M18 -> -4
B19: 13 | C19: =C18+1 -> 45913 | D19: PRL | E19: Everton v Aston Villa | F19: Match Odds | G19: Everton | H19: 2.7 | I19: 4 | J19: 0-0 | K19: L | L19: =IF(K19="w",(H19-1)*I19,-I19) -> -4 | M19: =IF(K19="w",(L19/100*2),0) -> 0 | N19: =L19-M19 -> -4
B20: 14 | C20: =C19+1 -> 45914 | D20: PRL | E20: Man City v Man Utd | F20: MO&O/U 2.5 Goals | G20: Man City / Over | H20: 2.5 | I20: 4 | J20: 3-0 | K20: W | L20: =IF(K20="w",(H20-1)*I20,-I20) -> 6 | M20: =IF(K20="w",(L20/100*2),0) -> 0.12 | N20: =L20-M20 -> 5.88
B21: 15 | C21: =C20+1 -> 45915 | D21: SEA | E21: Verona v Cremonese | F21: Match Odds | G21: Cremonese | H21: 2.78 | I21: 4 | J21: 0-0 | K21: L | L21: =IF(K21="w",(H21-1)*I21,-I21) -> -4 | M21: =IF(K21="w",(L21/100*2),0) -> 0 | N21: =L21-M21 -> -4
B22: 16 | C22: =C21+1 -> 45916 | D22: UCL | E22: PSV v USG | F22: MO&O/U 2.5 Goals | G22: PSV/Over | H22: 2.78 | I22: 4 | J22: 1-3 | K22: L | L22: =IF(K22="w",(H22-1)*I22,-I22) -> -4 | M22: =IF(K22="w",(L22/100*2),0) -> 0 | N22: =L22-M22 -> -4
B23: 17 | C23: =C22+1 -> 45917 | D23: UCL | E23: Bayern Munich v Chelsea | F23: First Half Goals 1.5 | G23: Over | H23: 2.26 | I23: 2 | J23: HT 2-1 FT 3-1 | K23: W | L23: =IF(K23="w",(H23-1)*I23,-I23) -> 2.52 | M23: =IF(K23="w",(L23/100*2),0) -> 0.0504 | N23: =L23-M23 -> 2.4696
F24: O/U 3.5 | G24: Over | H24: 2.36 | I24: 2 | J24: 3-1 | K24: W | L24: =IF(K24="w",(H24-1)*I24,-I24) -> 2.72 | M24: =IF(K24="w",(L24/100*2),0) -> 0.0544 | N24: =L24-M24 -> 2.6656
B25: 18 | C25: =C23+1 -> 45918 | D25: UCL | E25: Copenhagen v Leverkusen | F25: MO&BTTS | G25: Leverkusen / Yes | H25: 5.1 | I25: 4 | J25: 2-2 | K25: L | L25: =IF(K25="w",(H25-1)*I25,-I25) -> -4 | M25: =IF(K25="w",(L25/100*2),0) -> 0 | N25: =L25-M25 -> -4
B26: 19 | C26: =C25+1 -> 45919 | D26: SEA | E26: Lecce v Cagliari | F26: Match Odds | G26: Cagliari | H26: 2.9 | I26: 4 | J26: 1-2 | K26: W | L26: =IF(K26="w",(H26-1)*I26,-I26) -> 7.6 | M26: =IF(K26="w",(L26/100*2),0) -> 0.152 | N26: =L26-M26 -> 7.448
B27: 20 | C27: =C26+1 -> 45920 | D27: PRL | E27: Man United v Chelsea | F27: Asian Handicap | G27: Chelsea 0 | H27: 1.97 | I27: 4 | J27: 2-1 | K27: L | L27: =IF(K27="w",(H27-1)*I27,-I27) -> -4 | M27: =IF(K27="w",(L27/100*2),0) -> 0 | N27: =L27-M27 -> -4
B28: 21 | C28: =C27+1 -> 45921 | D28: PRL | E28: Arsenal v Man City | F28: MO&O/U 2.5 Goals | G28: Arsenal / Over | H28: 3.15 | I28: 4 | J28: 1-1 | K28: L | L28: =IF(K28="w",(H28-1)*I28,-I28) -> -4 | M28: =IF(K28="w",(L28/100*2),0) -> 0 | N28: =L28-M28 -> -4
B29: 22 | C29: =C28+1 -> 45922 | D29: SEA | E29: Napoli v Pisa | F29: MO&BTTS | G29: Napoli / No | H29: 2 | I29: 4 | J29: 3-2 | K29: L | L29: =IF(K29="w",(H29-1)*I29,-I29) -> -4 | M29: =IF(K29="w",(L29/100*2),0) -> 0 | N29: =L29-M29 -> -4
B30: 23 | C30: =C29+1 -> 45923 | D30: LAL | E30: Espanyol v Valencia | F30: Match Odds | G30: Espanyol | H30: 2.34 | I30: 4 | J30: 2-2 | K30: L | L30: =IF(K30="w",(H30-1)*I30,-I30) -> -4 | M30: =IF(K30="w",(L30/100*2),0) -> 0 | N30: =L30-M30 -> -4
B31: 24 | C31: =C30+1 -> 45924 | D31: UEL | E31: Real Betis v Notts Forest | F31: Match Odds | G31: Real Betis | H31: 2.26 | I31: 4 | J31: 2-2 | K31: L | L31: =IF(K31="w",(H31-1)*I31,-I31) -> -4 | M31: =IF(K31="w",(L31/100*2),0) -> 0 | N31: =L31-M31 -> -4
B32: 25 | C32: =C31+1 -> 45925 | D32: UEL | E32: YB v Panathinaikos | F32: Match Odds | G32: YB | H32: 2.32 | I32: 4 | J32: 1-3 | K32: L | L32: =IF(K32="w",(H32-1)*I32,-I32) -> -4 | M32: =IF(K32="w",(L32/100*2),0) -> 0 | N32: =L32-M32 -> -4
B33: 26 | C33: =C32+1 -> 45926 | D33: LI1 | E33: Strasbourg v Marseille | F33: Double Chance | G33: Home or Draw | H33: 1.87 | I33: 4 | J33: 1-2 | K33: L | L33: =IF(K33="w",(H33-1)*I33,-I33) -> -4 | M33: =IF(K33="w",(L33/100*2),0) -> 0 | N33: =L33-M33 -> -4
B34: 27 | C34: =C33+1 -> 45927 | D34: PRL | E34: Crystal Palace v Liverpool | F34: MO&BTTS | G34: Liverpool / Yes | H34: 3.7 | I34: 4 | J34: 2-1 | K34: L | L34: =IF(K34="w",(H34-1)*I34,-I34) -> -4 | M34: =IF(K34="w",(L34/100*2),0) -> 0 | N34: =L34-M34 -> -4
B35: 28 | C35: =C34+1 -> 45928 | D35: PRL | E35: Newcastle v Arsenal | F35: Match Odds | G35: Arsenal | H35: 2.18 | I35: 4 | J35: 1-2 | K35: W | L35: =IF(K35="w",(H35-1)*I35,-I35) -> 4.72 | M35: =IF(K35="w",(L35/100*2),0) -> 0.0944 | N35: =L35-M35 -> 4.6256
B36: 29 | C36: =C35+1 -> 45929 | D36: PRL | E36: Everton v West Ham | F36: Asian Handicap | G36: West Ham +0.5 | H36: 2.42 | I36: 4 | J36: 1-1 | K36: W | L36: =IF(K36="w",(H36-1)*I36,-I36) -> 5.68 | M36: =IF(K36="w",(L36/100*2),0) -> 0.1136 | N36: =L36-M36 -> 5.5664
B37: 30 | C37: =C36+1 -> 45930 | D37: UCL | E37: Atalanta v Club Brugge | F37: O/U 2.5 Goals | G37: Over | H37: 2.44 | I37: 4 | J37: 2-1 | K37: W | L37: =IF(K37="w",(H37-1)*I37,-I37) -> 5.76 | M37: =IF(K37="w",(L37/100*2),0) -> 0.1152 | N37: =L37-M37 -> 5.6448
I38: =SUM(I7:I37) -> 104 | J38: Pts Staked | K38: PnL | L38: =SUM(L7:L37) -> -9.4 | M38: =SUM(M7:M37) -> 1.092 | N38: =L38-M38 -> -10.492

Sheet FTR - Chart
B2: FOOTBALL TRADING ROOM - September 2025: DAILY RESULTS
B4: Day | C4: Day Points: Profit / Loss | D4: Bank: Acc Points
B5: 0 | C5: 0 | D5: 0
B6: 1 | C6: ='FTR - Results'!N7 -> 5.096 | D6: =D5+C6 -> 5.096
B7: 2 | C7: ='FTR - Results'!N8 -> 0 | D7: =D6+C7 -> 5.096
B8: 3 | C8: ='FTR - Results'!N9 -> 0 | D8: =D7+C8 -> 5.096
B9: 4 | C9: ='FTR - Results'!N10 -> 3.528 | D9: =D8+C9 -> 8.624
B10: 5 | C10: ='FTR - Results'!N11 -> -4 | D10: =D9+C10 -> 4.624
B11: 6 | C11: ='FTR - Results'!N12 -> 4.312 | D11: =D10+C11 -> 8.936
B12: 7 | C12: ='FTR - Results'!N13 -> 6.272 | D12: =D11+C12 -> 15.208
B13: 8 | C13: ='FTR - Results'!N14 -> -4 | D13: =D12+C13 -> 11.208
B14: 9 | C14: ='FTR - Results'!N15 -> -4 | D14: =D13+C14 -> 7.208
B15: 10 | C15: ='FTR - Results'!N16 -> 0 | D15: =D14+C15 -> 7.208
B16: 11 | C16: ='FTR - Results'!N17 -> 0 | D16: =D15+C16 -> 7.208
B17: 12 | C17: ='FTR - Results'!N18 -> -4 | D17: =D16+C17 -> 3.208
... B21: 16 | C21: ='FTR - Results'!N22 -> -4 | D21: =D20+C21 -> -2.912
B22: 17 | C22: ='FTR - Results'!N23+'FTR - Results'!N24 -> 5.1352 | D22: =D21+C22 -> 2.2232
B23: 18 | C23: ='FTR - Results'!N25 -> -4 | D23: =D22+C23 -> -1.7768
B24: 19 | C24: ='FTR - Results'!N26 -> 7.448 | D24: =D23+C24 -> 5.6712
B25: 20 | C25: ='FTR - Results'!N27 -> -4 | D25: =D24+C25 -> 1.6712
B26: 21 | C26: ='FTR - Results'!N28 -> -4 | D26: =D25+C26 -> -2.3288
B27: 22 | C27: ='FTR - Results'!N29 -> -4 | D27: =D26+C27 -> -6.3288
B28: 23 | C28: ='FTR - Results'!N30 -> -4 | D28: =D27+C28 -> -10.3288
B29: 24 | C29: ='FTR - Results'!N31 -> -4 | D29: =D28+C29 -> -14.3288
B30: 25 | C30: ='FTR - Results'!N32 -> -4 | D30: =D29+C30 -> -18.3288
B31: 26 | C31: ='FTR - Results'!N33 -> -4 | D31: =D30+C31 -> -22.3288
B32: 27 | C32: ='FTR - Results'!N34 -> -4 | D32: =D31+C32 -> -26.3288
B33: 28 | C33: ='FTR - Results'!N35 -> 4.6256 | D33: =D32+C33 -> -21.7032
B34: 29 | C34: ='FTR - Results'!N36 -> 5.5664 | D34: =D33+C34 -> -16.1368
B35: 30 | C35: ='FTR - Results'!N37 -> 5.6448 | D35: =D34+C35 -> -10.492

Sheet PGX5 - Results
G2: Record Tracking & Stake Calculation | H2: Start Bank (£) | I2: 1000 | N2: Current Bank (£) | O2: =O36 -> 1392.8692
H3: Start Date | I3: 45901 | N3: Growth (£) | O3: =O2-I2 -> 392.86919
H4: Days # | I4: 26 | N4: Increase (%) | O4: =SUM(O2-I2)/I2*100 -> 39.286919
B6: Day | C6: Date | D6: Comp | E6: Match | F6: Market | G6: Selection | H6: Price | I6: Stake | J6: Result | K6: W/L/D | L6: Start Bank | M6: PnL | N6: BF Comm. | O6: End Bank
B7: 1 | C7: =I3 -> 45901 | D7: SED | E7: Leganes v Deportivo | F7: DNB | G7: Leganes | H7: 1.65 | I7: =L7/16.5 -> 60.606061 | J7: 2-2 | K7: D | L7: =I2 -> 1000 | M7: 0 | N7: =IF(K7="w",(M7/100*2),0) -> 0 | O7: =L7+M7 -> 1000
B8: 2 | C8: =C7+1 -> 45902 | D8: No Selection | I8: 0 | L8: =O7 -> 1000 | M8: =IF(K8="w",(H8-1)*I8,-I8) -> 0 | N8: =IF(K8="w",(M8/100*2),0) -> 0 | O8: =L8+M8 -> 1000
B9: 3 | C9: =C8+1 -> 45903 | D9: No Selection | I9: 0 | L9: =O8 -> 1000 | M9: =IF(K9="w",(H9-1)*I9,-I9) -> 0 | N9: =IF(K9="w",(M9/100*2),0) -> 0 | O9: =L9+M9 -> 1000
B10: 4 | C10: =C9+1 -> 45904 | D10: WCQ | E10: Netherlands v Poland | F10: BTTS | G10: Yes | H10: 2.18 | I10: =L10/16.5 -> 60.606061 | J10: 1-1 | K10: W | L10: =O9 -> 1000 | M10: =IF(K10="w",(H10-1)*I10,-I10) -> 71.515152 | N10: =IF(K10="w",(M10/100*2),0) -> 1.430303 | O10: =L10+M10 -> 1071.5152
B11: 5 | C11: =C10+1 -> 45905 | D11: WCQ | E11: Slovenia v Sweden | F11: O/U 2.5 | G11: Over | H11: 2.18 | I11: =L11/16.5 -> 64.940312 | J11: 2-2 | K11: W | L11: =O10 -> 1071.5152 | M11: =IF(K11="w",(H11-1)*I11,-I11) -> 76.629568 | N11: =IF(K11="w",(M11/100*2),0) -> 1.5325914 | O11: =L11+M11 -> 1148.1447
B12: 6 | C12: =C11+1 -> 45906 | D12: WCQ | E12: Ireland v Hungary | F12: DNB | G12: Ireland | H12: 1.81 | I12: =L12/16.5 -> 69.584528 | J12: 2-2 | K12: D | L12: =O11 -> 1148.1447 | M12: 0 | N12: =IF(K12="w",(M12/100*2),0) -> 0 | O12: =L12+M12 -> 1148.1447
B13: 7 | C13: =C12+1 -> 45907 | D13: WCQ | E13: Turkiye v Spain | F13: MO&O/U 2.5 | G13: Spain/Over | H13: 2.28 | I13: =L13/16.5 -> 69.584528 | J13: 0-6 | K13: W | L13: =O12 -> 1148.1447 | M13: =IF(K13="w",(H13-1)*I13,-I13) -> 89.068196 | N13: =IF(K13="w",(M13/100*2),0) -> 1.7813639 | O13: =L13+M13 -> 1237.2129
B14: 8 | C14: =C13+1 -> 45908 | D14: WCQ | E14: Israel v Italy | F14: MO&O/U 2.5 | G14: Italy/Over | H14: 2.1 | I14: =L14/16.5 -> 74.982601 | J14: 4-5 | K14: W | L14: =O13 -> 1237.2129 | M14: =IF(K14="w",(H14-1)*I14,-I14) -> 82.480861 | N14: =IF(K14="w",(M14/100*2),0) -> 1.6496172 | O14: =L14+M14 -> 1319.6938
B15: 9 | C15: =C14+1 -> 45909 | D15: WCQ | E15: Hungary v Portugal | F15: MO&O/U 2.5 | G15: Portugal/Over | H15: 2.12 | I15: =L15/16.5 -> 79.981441 | J15: 2-3 | K15: W | L15: =O14 -> 1319.6938 | M15: =IF(K15="w",(H15-1)*I15,-I15) -> 89.579214 | N15: =IF(K15="w",(M15/100*2),0) -> 1.7915843 | O15: =L15+M15 -> 1409.273
B16: 10 | C16: =C15+1 -> 45910 | D16: No Selection | I16: 0 | L16: =O15 -> 1409.273 | M16: =IF(K16="w",(H16-1)*I16,-I16) -> 0 | N16: =IF(K16="w",(M16/100*2),0) -> 0 | O16: =L16+M16 -> 1409.273
B17: 11 | C17: =C16+1 -> 45911 | D17: No Selection | I17: 0 | L17: =O16 -> 1409.273 | M17: =IF(K17="w",(H17-1)*I17,-I17) -> 0 | N17: =IF(K17="w",(M17/100*2),0) -> 0 | O17: =L17+M17 -> 1409.273
B18: 12 | C18: =C17+1 -> 45912 | D18: BUN | E18: Leverkusen v Frankfurt | F18: Double Chance | G18: Draw or Away | H18: 1.81 | I18: =L18/16.5 -> 85.410484 | J18: 3-1 | K18: L | L18: =O17 -> 1409.273 | M18: =IF(K18="w",(H18-1)*I18,-I18) -> -85.410484 | N18: =IF(K18="w",(M18/100*2),0) -> 0 | O18: =L18+M18 -> 1323.8625
B19: 13 | C19: =C18+1 -> 45913 | D19: PRL | E19: West Ham v Tottenham | F19: Match Odds | G19: Tottenham | H19: 2.22 | I19: =L19/16.5 -> 80.234091 | J19: 0-3 | K19: W | L19: =O18 -> 1323.8625 | M19: =IF(K19="w",(H19-1)*I19,-I19) -> 97.885591 | N19: =IF(K19="w",(M19/100*2),0) -> 1.9577118 | O19: =L19+M19 -> 1421.7481
B20: 14 | C20: =C19+1 -> 45914 | D20: PRL | E20: Burnley v Liverpool | F20: Asian Handicap | G20: Liverpool -1.5 | H20: 2 | I20: =L20/16.5 -> 86.166551 | J20: 0-1 | K20: L | L20: =O19 -> 1421.7481 | M20: =IF(K20="w",(H20-1)*I20,-I20) -> -86.166551 | N20: =IF(K20="w",(M20/100*2),0) -> 0 | O20: =L20+M20 -> 1335.5815
B21: 15 | C21: =C20+1 -> 45915 | D21: LAL | E21: Espanyol v Mallorca | F21: Match Odds | G21: Espanyol | H21: 2.32 | I21: =L21/16.5 -> 80.944336 | J21: 3-2 | K21: W | L21: =O20 -> 1335.5815 | M21: =IF(K21="w",(H21-1)*I21,-I21) -> 106.84652 | N21: =IF(K21="w",(M21/100*2),0) -> 2.1369305 | O21: =L21+M21 -> 1442.4281
B22: 16 | C22: =C21+1 -> 45916 | D22: UCL | E22: Tottenham v Villarreal | F22: BTTS | G22: Yes | H22: 1.74 | I22: =L22/16.5 -> 87.419883 | J22: 1-0 | K22: L | L22: =O21 -> 1442.4281 | M22: =IF(K22="w",(H22-1)*I22,-I22) -> -87.419883 | N22: =IF(K22="w",(M22/100*2),0) -> 0 | O22: =L22+M22 -> 1355.0082
B23: 17 | C23: =C22+1 -> 45917 | D23: UCL | E23: Slavia Prague v Bodo/Glimt | F23: MO&BTTS | G23: Yes | H23: 3.35 | I23: =L23/16.5 -> 82.121708 | J23: 2-2 | K23: L | L23: =O22 -> 1355.0082 | M23: =IF(K23="w",(H23-1)*I23,-I23) -> -82.121708 | N23: =IF(K23="w",(M23/100*2),0) -> 0 | O23: =L23+M23 -> 1272.8865
B24: 18 | C24: =C23+1 -> 45918 | D24: UCL | E24: Newcastle Utd v Barcelona | F24: Match Odds | G24: Barcelona | H24: 2.78 | I24: =L24/16.5 -> 77.144635 | J24: 1-2 | K24: W | L24: =O23 -> 1272.8865 | M24: =IF(K24="w",(H24-1)*I24,-I24) -> 137.31745 | N24: =IF(K24="w",(M24/100*2),0) -> 2.746349 | O24: =L24+M24 -> 1410.2039
B25: 19 | C25: =C24+1 -> 45919 | D25: LAL | E25: Real Betis v Real Sociedad | F25: Match Odds | G25: Betis | H25: 2.02 | I25: =L25/16.5 -> 85.466905 | J25: 3-1 | K25: W | L25: =O24 -> 1410.2039 | M25: =IF(K25="w",(H25-1)*I25,-I25) -> 87.176243 | N25: =IF(K25="w",(M25/100*2),0) -> 1.7435249 | O25: =L25+M25 -> 1497.3802
B26: 20 | C26: =C25+1 -> 45920 | D26: PRL | E26: Brighton v Tottenham | F26: Match Odds | G26: Brighton | H26: 2.34 | I26: =L26/16.5 -> 90.750314 | J26: 2-2 | K26: L | L26: =O25 -> 1497.3802 | M26: =IF(K26="w",(H26-1)*I26,-I26) -> -90.750314 | N26: =IF(K26="w",(M26/100*2),0) -> 0 | O26: =L26+M26 -> 1406.6299
B27: 21 | C27: =C26+1 -> 45921 | D27: PRL | E27: Bournemouth v Newcastle | F27: Match Odds | G27: Bournemouth | H27: 2.58 | I27: =L27/16.5 -> 85.250295 | J27: 0-0 | K27: L | L27: =O26 -> 1406.6299 | M27: =IF(K27="w",(H27-1)*I27,-I27) -> -85.250295 | N27: =IF(K27="w",(M27/100*2),0) -> 0 | O27: =L27+M27 -> 1321.3796
B28: 22 | C28: =C27+1 -> 45922 | D28: LI1 | E28: Marseille v PSG | F28: MO&O/U 2.5 | G28: PSG / Over | H28: 2.56 | I28: =L28/16.5 -> 80.08361 | J28: 1-0 | K28: L | L28: =O27 -> 1321.3796 | M28: =IF(K28="w",(H28-1)*I28,-I28) -> -80.08361 | N28: =IF(K28="w",(M28/100*2),0) -> 0 | O28: =L28+M28 -> 1241.296
B29: 23 | C29: =C28+1 -> 45923 | D29: LAL | E29: Sevilla v Villarreal | F29: Match Odds | G29: Villarreal | H29: 2.42 | I29: =L29/16.5 -> 75.230058 | J29: 1-2 | K29: W | L29: =O28 -> 1241.296 | M29: =IF(K29="w",(H29-1)*I29,-I29) -> 106.82668 | N29: =IF(K29="w",(M29/100*2),0) -> 2.1365336 | O29: =L29+M29 -> 1348.1226
... B31: 25 | C31: =C30+1 -> 45925 | D31: UEL | E31: Stuttgart v Celta Vigo | F31: MO&O/U 2.5 | G31: Stuttgart / Over | H31: 2.74 | I31: =L31/16.5 -> 76.75262 | J31: 2-1 | K31: W | L31: =O30 -> 1266.4182 | M31: =IF(K31="w",(H31-1)*I31,-I31) -> 133.54956 | N31: =IF(K31="w",(M31/100*2),0) -> 2.6709912 | O31: =L31+M31 -> 1399.9678
B32: 26 | C32: =C31+1 -> 45926 | D32: LAL | E32: Girona v Espanyol | F32: Draw No Bet | G32: Espanyol | H32: 2.24 | I32: =L32/16.5 -> 84.846533 | J32: 0-0 | K32: D | L32: =O31 -> 1399.9678 | M32: 0 | N32: =IF(K32="w",(M32/100*2),0) -> 0 | O32: =L32+M32 -> 1399.9678
B33: 27 | C33: =C32+1 -> 45927 | D33: PRL | E33: Manchester City v Burnley | F33: Asian Handicap | G33: Man City -2 | H33: 2.07 | I33: =L33/16.5 -> 84.846533 | J33: 5-1 | K33: W | L33: =O32 -> 1399.9678 | M33: =IF(K33="w",(H33-1)*I33,-I33) -> 90.78579 | N33: =IF(K33="w",(M33/100*2),0) -> 1.8157158 | O33: =L33+M33 -> 1490.7536
B34: 28 | C34: =C33+1 -> 45928 | D34: PRL | E34: Aston Villa v Fulham | F34: Asian Handicap | G34: Fulham 0 | H34: 2.46 | I34: =L34/16.5 -> 90.348702 | J34: 3-1 | K34: L | L34: =O33 -> 1490.7536 | M34: =IF(K34="w",(H34-1)*I34,-I34) -> -90.348702 | N34: =IF(K34="w",(M34/100*2),0) -> 0 | O34: =L34+M34 -> 1400.4049
B35: 29 | C35: =C34+1 -> 45929 | D35: PRL | E35: Everton v West Ham | F35: BTTS | G35: Yes | H35: 1.97 | I35: =L35/16.5 -> 84.873023 | J35: 1-1 | K35: W | L35: =O34 -> 1400.4049 | M35: =IF(K35="w",(H35-1)*I35,-I35) -> 82.326832 | N35: =IF(K35="w",(M35/100*2),0) -> 1.6465366 | O35: =L35+M35 -> 1482.7317
B36: 30 | C36: =C35+1 -> 45930 | D36: LAL | E36: Valencia v Real Oviedo | F36: MO&O/U 2.5 | G36: Valencia / Under | H36: 3.65 | I36: =L36/16.5 -> 89.862528 | J36: 1-2 | K36: L | L36: =O35 -> 1482.7317 | M36: =IF(K36="w",(H36-1)*I36,-I36) -> -89.862528 | N36: =IF(K36="w",(M36/100*2),0) -> 0 | O36: =L36+M36 -> 1392.8692

Sheet PGX5 - CHART
B2: PRO-GENIE X5 - September 2025: DAILY RESULTS
B4: Day | C4: Profit / Loss (£) | D4: Acc Bank (£)
B5: 0 | C5: 0 | D5: 0
B6: 1 | C6: ='PGX5 - Results'!M7-'PGX5 - Results'!N7 -> 0 | D6: =D5+C6 -> 0
B7: 2 | C7: ='PGX5 - Results'!M8-'PGX5 - Results'!N8 -> 0 | D7: =D6+C7 -> 0
B8: 3 | C8: ='PGX5 - Results'!M9-'PGX5 - Results'!N9 -> 0 | D8: =D7+C8 -> 0
B9: 4 | C9: ='PGX5 - Results'!M10-'PGX5 - Results'!N10 -> 70.084848 | D9: =D8+C9 -> 70.084848
B10: 5 | C10: ='PGX5 - Results'!M11-'PGX5 - Results'!N11 -> 75.096977 | D10: =D9+C10 -> 145.18183
B11: 6 | C11: ='PGX5 - Results'!M12-'PGX5 - Results'!N12 -> 0 | D11: =D10+C11 -> 145.18183
B12: 7 | C12: ='PGX5 - Results'!M13-'PGX5 - Results'!N13 -> 87.286833 | D12: =D11+C12 -> 232.46866
B13: 8 | C13: ='PGX5 - Results'!M14-'PGX5 - Results'!N14 -> 80.831244 | D13: =D12+C13 -> 313.2999
B14: 9 | C14: ='PGX5 - Results'!M15-'PGX5 - Results'!N15 -> 87.78763 | D14: =D13+C14 -> 401.08753
B15: 10 | C15: ='PGX5 - Results'!M16-'PGX5 - Results'!N16 -> 0 | D15: =D14+C15 -> 401.08753
B16: 11 | C16: ='PGX5 - Results'!M17-'PGX5 - Results'!N17 -> 0 | D16: =D15+C16 -> 401.08753
B17: 12 | C17: ='PGX5 - Results'!M18-'PGX5 - Results'!N18 -> -85.410484 | D17: =D16+C17 -> 315.67705
... B35: 30 | C35: ='PGX5 - Results'!M36-'PGX5 - Results'!N36 -> -89.862528 | D35: =D34+C35 -> 367.82943

Sheet PXCS - Results
F2: Results Tracker: KPI Dashboard | G2: Start Bank (Points) | H2: 50 | I2: End Bank (Points) | J2: =M148+50 -> 51.902096 | K2: Total Points Staked | M2: =H148 -> 45.954
G3: Start Date | H3: 45901 | I3: PnL (Points +/-) | J3: =J2-H2 -> 1.902096 | K3: Return on Investment (ROI) | M3: =J3/M2*100 -> 4.1391304
G4: # Matches | H4: 46 | I4: Bank Growth (%) | J4: =J3/H2*100 -> 3.804192 | K4: Return on Capital (ROC) | M4: =J3/H2*100 -> 3.804192
B6: Day | C6: Date | D6: Comp | E6: Match | F6: PXCS Prediction | G6: Price | H6: Points | I6: FT Result | J6: W/D/L | K6: Points (+/-) | L6: Comm (2%) | M6: Total Points
B7: 1 | C7: =H3 -> 45901 | D7: SED | E7: Huesca v Eibar | F7: 2-1 | G7: 12.5 | H7: 0.333 | I7: 2-1 | J7: W | K7: =IF(J7="w",(G7-1)*H7,-H7) -> 3.8295 | L7: =IF(J7="w",(K7/100*2),0) -> 0.07659 | M7: =K7-L7 -> 3.75291
F8: 1-1 | G8: 6.6 | H8: 0.333 | J8: L | K8: =IF(J8="w",(G8-1)*H8,-H8) -> -0.333 | L8: =IF(J8="w",(K8/100*2),0) -> 0 | M8: =K8-L8 -> -0.333
F9: 1-2 | G9: 14 | H9: 0.333 | J9: L | K9: =IF(J9="w",(G9-1)*H9,-H9) -> -0.333 | L9: =IF(J9="w",(K9/100*2),0) -> 0 | M9: =K9-L9 -> -0.333
C10: =C7 -> 45901 | D10: SED | E10: Leganes v Deportivo | F10: 1-1 | G10: 6.8 | H10: 0.333 | I10: 2-2 | J10: L | K10: =IF(J10="w",(G10-1)*H10,-H10) -> -0.333 | L10: =IF(J10="w",(K10/100*2),0) -> 0 | M10: =K10-L10 -> -0.333
F11: 1-0 | G11: 8 | H11: 0.333 | J11: L | K11: =IF(J11="w",(G11-1)*H11,-H11) -> -0.333 | L11: =IF(J11="w",(K11/100*2),0) -> 0 | M11: =K11-L11 -> -0.333
F12: 2-1 | G12: 11 | H12: 0.333 | J12: L | K12: =IF(J12="w",(G12-1)*H12,-H12) -> -0.333 | L12: =IF(J12="w",(K12/100*2),0) -> 0 | M12: =K12-L12 -> -0.333
B13: 2 | C13: =C10+1 -> 45902 | D13: No Selection | K13: =IF(J13="w",(G13-1)*H13,-H13) -> 0 | L13: =IF(J13="w",(K13/100*2),0) -> 0 | M13: =K13-L13 -> 0
B14: 3 | C14: =C13+1 -> 45903 | D14: No Selection | K14: =IF(J14="w",(G14-1)*H14,-H14) -> 0 | L14: =IF(J14="w",(K14/100*2),0) -> 0 | M14: =K14-L14 -> 0
B15: 4 | C15: =C14+1 -> 45904 | D15: WCQ | E15: Georgia v Turkiye | F15: 2-1 | G15: 13 | H15: 0.333 | I15: 2-3 | J15: L | K15: =IF(J15="w",(G15-1)*H15,-H15) -> -0.333 | L15: =IF(J15="w",(K15/100*2),0) -> 0 | M15: =K15-L15 -> -0.333
F16: 1-2 | G16: 10.5 | H16: 0.333 | J16: L | K16: =IF(J16="w",(G16-1)*H16,-H16) -> -0.333 | L16: =IF(J16="w",(K16/100*2),0) -> 0 | M16: =K16-L16 -> -0.333
F17: 2-2 | G17: 15 | H17: 0.333 | J17: L | K17: =IF(J17="w",(G17-1)*H17,-H17) -> -0.333 | L17: =IF(J17="w",(K17/100*2),0) -> 0 | M17: =K17-L17 -> -0.333
C18: =C15 -> 45904 | D18: WCQ | E18: Netherlands v Poland | F18: 1-1 | G18: 8.2 | H18: 0.333 | I18: 1-1 | J18: W | K18: =IF(J18="w",(G18-1)*H18,-H18) -> 2.3976 | L18: =IF(J18="w",(K18/100*2),0) -> 0.047952 | M18: =K18-L18 -> 2.349648
F19: 2-1 | G19: 10.5 | H19: 0.333 | J19: L | K19: =IF(J19="w",(G19-1)*H19,-H19) -> -0.333 | L19: =IF(J19="w",(K19/100*2),0) -> 0 | M19: =K19-L19 -> -0.333
F20: 2-2 | G20: 28 | H20: 0.333 | J20: L | K20: =IF(J20="w",(G20-1)*H20,-H20) -> -0.333 | L20: =IF(J20="w",(K20/100*2),0) -> 0 | M20: =K20-L20 -> -0.333
B21: 5 | C21: =C18+1 -> 45905 | D21: WCQ | E21: Ukraine v France | F21: 1-2 | G21: 10 | H21: 0.333 | I21: 0-2 | J21: L | K21: =IF(J21="w",(G21-1)*H21,-H21) -> -0.333 | L21: =IF(J21="w",(K21/100*2),0) -> 0 | M21: =K21-L21 -> -0.333
F22: 1-3 | G22: 13.5 | H22: 0.333 | J22: L | K22: =IF(J22="w",(G22-1)*H22,-H22) -> -0.333 | L22: =IF(J22="w",(K22/100*2),0) -> 0 | M22: =K22-L22 -> -0.333
F23: 2-2 | G23: 25 | H23: 0.333 | J23: L | K23: =IF(J23="w",(G23-1)*H23,-H23) -> -0.333 | L23: =IF(J23="w",(K23/100*2),0) -> 0 | M23: =K23-L23 -> -0.333
C24: =C21 -> 45905 | D24: WCQ | E24: Slovenia v Sweden | F24: 1-2 | G24: 10 | H24: 0.333 | I24: 2-2 | J24: L | K24: =IF(J24="w",(G24-1)*H24,-H24) -> -0.333 | L24: =IF(J24="w",(K24/100*2),0) -> 0 | M24: =K24-L24 -> -0.333
F25: 1-3 | G25: 22 | H25: 0.333 | J25: L | K25: =IF(J25="w",(G25-1)*H25,-H25) -> -0.333 | L25: =IF(J25="w",(K25/100*2),0) -> 0 | M25: =K25-L25 -> -0.333
F26: 2-2 | G26: 17 | H26: 0.333 | J26: W | K26: =IF(J26="w",(G26-1)*H26,-H26) -> 5.328 | L26: =IF(J26="w",(K26/100*2),0) -> 0.10656 | M26: =K26-L26 -> 5.22144
B27: 6 | C27: =C24+1 -> 45906 | D27: WCQ | E27: Ireland v Hungary | F27: 0-0 | G27: 8.2 | H27: 0.333 | I27: 2-2 | J27: L | K27: =IF(J27="w",(G27-1)*H27,-H27) -> -0.333 | L27: =IF(J27="w",(K27/100*2),0) -> 0 | M27: =K27-L27 -> -0.333
F28: 1-0 | G28: 7.6 | H28: 0.333 | J28: L | K28: =IF(J28="w",(G28-1)*H28,-H28) -> -0.333 | L28: =IF(J28="w",(K28/100*2),0) -> 0 | M28: =K28-L28 -> -0.333
F29: 1-1 | G29: 6.8 | H29: 0.333 | J29: L | K29: =IF(J29="w",(G29-1)*H29,-H29) -> -0.333 | L29: =IF(J29="w",(K29/100*2),0) -> 0 | M29: =K29-L29 -> -0.333
B30: 7 | C30: =C27+1 -> 45907 | D30: WCQ | E30: Turkiye v Spain | F30: 1-2 | G30: 9.6 | H30: 0.333 | I30: 0-6 | J30: L | K30: =IF(J30="w",(G30-1)*H30,-H30) -> -0.333 | L30: =IF(J30="w",(K30/100*2),0) -> 0 | M30: =K30-L30 -> -0.333
F31: 1-3 | G31: 14 | H31: 0.333 | J31: L | K31: =IF(J31="w",(G31-1)*H31,-H31) -> -0.333 | L31: =IF(J31="w",(K31/100*2),0) -> 0 | M31: =K31-L31 -> -0.333
F32: 2-3 | G32: 26 | H32: 0.333 | J32: L | K32: =IF(J32="w",(G32-1)*H32,-H32) -> -0.333 | L32: =IF(J32="w",(K32/100*2),0) -> 0 | M32: =K32-L32 -> -0.333
B33: 8 | C33: =C30+1 -> 45908 | D33: WCQ | E33: Greece v Denmark | F33: 1-1 | G33: 7 | H33: 0.333 | I33: 0-3 | J33: L | K33: =IF(J33="w",(G33-1)*H33,-H33) -> -0.333 | L33: =IF(J33="w",(K33/100*2),0) -> 0 | M33: =K33-L33 -> -0.333
F34: 2-0 | G34: 7 | H34: 0.333 | J34: L | K34: =IF(J34="w",(G34-1)*H34,-H34) -> -0.333 | L34: =IF(J34="w",(K34/100*2),0) -> 0 | M34: =K34-L34 -> -0.333
F35: 2-1 | G35: 15 | H35: 0.333 | J35: L | K35: =IF(J35="w",(G35-1)*H35,-H35) -> -0.333 | L35: =IF(J35="w",(K35/100*2),0) -> 0 | M35: =K35-L35 -> -0.333
C36: =C33 -> 45908 | D36: WCQ | E36: Israel v Italy | F36: 0-2 | G36: 12 | H36: 0.333 | I36: 2-3 | J36: L | K36: =IF(J36="w",(G36-1)*H36,-H36) -> -0.333 | L36: =IF(J36="w",(K36/100*2),0) -> 0 | M36: =K36-L36 -> -0.333
F37: 1-2 | G37: 9.6 | H37: 0.333 | J37: L | K37: =IF(J37="w",(G37-1)*H37,-H37) -> -0.333 | L37: =IF(J37="w",(K37/100*2),0) -> 0 | M37: =K37-L37 -> -0.333
F38: 1-3 | G38: 13 | H38: 0.333 | J38: L | K38: =IF(J38="w",(G38-1)*H38,-H38) -> -0.333 | L38: =IF(J38="w",(K38/100*2),0) -> 0 | M38: =K38-L38 -> -0.333
B39: 9 | C39: =C36+1 -> 45909 | D39: WCQ | E39: Serbia v England | F39: 0-1 | G39: 7 | H39: 0.333 | I39: 0-5 | J39: L | K39: =IF(J39="w",(G39-1)*H39,-H39) -> -0.333 | L39: =IF(J39="w",(K39/100*2),0) -> 0 | M39: =K39-L39 -> -0.333
F40: 0-2 | G40: 9.8 | H40: 0.333 | J40: L | K40: =IF(J40="w",(G40-1)*H40,-H40) -> -0.333 | L40: =IF(J40="w",(K40/100*2),0) -> 0 | M40: =K40-L40 -> -0.333
F41: 1-1 | G41: 7.4 | H41: 0.333 | J41: L | K41: =IF(J41="w",(G41-1)*H41,-H41) -> -0.333 | L41: =IF(J41="w",(K41/100*2),0) -> 0 | M41: =K41-L41 -> -0.333
B42: 10 | C42: =C39+1 -> 45910 | D42: SUL | E42: Nasaf v Buxoro | F42: 1-0 | G42: 6.2 | H42: 0.333 | I42: 5-0 | J42: L | K42: =IF(J42="w",(G42-1)*H42,-H42) -> -0.333 | L42: =IF(J42="w",(K42/100*2),0) -> 0 | M42: =K42-L42 -> -0.333
F43: 2-0 | G43: 6.2 | H43: 0.333 | J43: L | K43: =IF(J43="w",(G43-1)*H43,-H43) -> -0.333 | L43: =IF(J43="w",(K43/100*2),0) -> 0 | M43: =K43-L43 -> -0.333
F44: 2-1 | G44: 9.6 | H44: 0.333 | J44: L | K44: =IF(J44="w",(G44-1)*H44,-H44) -> -0.333 | L44: =IF(J44="w",(K44/100*2),0) -> 0 | M44: =K44-L44 -> -0.333
B45: 11 | C45: =C42+1 -> 45911 | D45: No Selection | K45: =IF(J45="w",(G45-1)*H45,-H45) -> 0 | L45: =IF(J45="w",(K45/100*2),0) -> 0 | M45: =K45-L45 -> 0
B46: 12 | C46: =C45+1 -> 45912 | D46: LAL | E46: Sevilla v Elche | F46: 1-0 | G46: 7 | H46: 0.333 | I46: 2-2 | J46: L | K46: =IF(J46="w",(G46-1)*H46,-H46) -> -0.333 | L46: =IF(J46="w",(K46/100*2),0) -> 0 | M46: =K46-L46 -> -0.333
F47: 2-0 | G47: 9.6 | H47: 0.333 | J47: L | K47: =IF(J47="w",(G47-1)*H47,-H47) -> -0.333 | L47: =IF(J47="w",(K47/100*2),0) -> 0 | M47: =K47-L47 -> -0.333
F48: 2-1 | G48: 10 | H48: 0.333 | J48: L | K48: =IF(J48="w",(G48-1)*H48,-H48) -> -0.333 | L48: =IF(J48="w",(K48/100*2),0) -> 0 | M48: =K48-L48 -> -0.333
C49: =C46 -> 45912 | D49: BUN | E49: Leverkusen v Frankfurt | F49: 1-2 | G49: 14 | H49: 0.333 | I49: 3-1 | J49: L | K49: =IF(J49="w",(G49-1)*H49,-H49) -> -0.333 | L49: =IF(J49="w",(K49/100*2),0) -> 0 | M49: =K49-L49 -> -0.333
F50: 2-2 | G50: 13 | H50: 0.333 | J50: L | K50: =IF(J50="w",(G50-1)*H50,-H50) -> -0.333 | L50: =IF(J50="w",(K50/100*2),0) -> 0 | M50: =K50-L50 -> -0.333
F51: 2-3 | G51: 30 | H51: 0.333 | J51: L | K51: =IF(J51="w",(G51-1)*H51,-H51) -> -0.333 | L51: =IF(J51="w",(K51/100*2),0) -> 0 | M51: =K51-L51 -> -0.333
B52: 13 | C52: =C49+1 -> 45913 | D52: PRL | E52: Everton v Aston Villa | F52: 1-0 | G52: 10 | H52: 0.333 | I52: 0-0 | J52: L | K52: =IF(J52="w",(G52-1)*H52,-H52) -> -0.333 | L52: =IF(J52="w",(K52/100*2),0) -> 0 | M52: =K52-L52 -> -0.333
F53: 2-0 | G53: 15.5 | H53: 0.333 | J53: L | K53: =IF(J53="w",(G53-1)*H53,-H53) -> -0.333 | L53: =IF(J53="w",(K53/100*2),0) -> 0 | M53: =K53-L53 -> -0.333
F54: 2-1 | G54: 11.5 | H54: 0.333 | J54: L | K54: =IF(J54="w",(G54-1)*H54,-H54) -> -0.333 | L54: =IF(J54="w",(K54/100*2),0) -> 0 | M54: =K54-L54 -> -0.333
C55: =C52 -> 45913 | D55: PRL | E55: West Ham v Tottenham | F55: 0-1 | G55: 11.5 | H55: 0.333 | I55: 0-3 | J55: L | K55: =IF(J55="w",(G55-1)*H55,-H55) -> -0.333 | L55: =IF(J55="w",(K55/100*2),0) -> 0 | M55: =K55-L55 -> -0.333
F56: 1-2 | G56: 10 | H56: 0.333 | J56: L | K56: =IF(J56="w",(G56-1)*H56,-H56) -> -0.333 | L56: =IF(J56="w",(K56/100*2),0) -> 0 | M56: =K56-L56 -> -0.333
F57: 1-3 | G57: 19.5 | H57: 0.333 | J57: L | K57: =IF(J57="w",(G57-1)*H57,-H57) -> -0.333 | L57: =IF(J57="w",(K57/100*2),0) -> 0 | M57: =K57-L57 -> -0.333
B58: 14 | C58: =C55+1 -> 45914 | D58: PRL | E58: Burnley v Liverpool | F58: 0-2 | G58: 8.8 | H58: 0.333 | I58: 0-1 | J58: L | K58: =IF(J58="w",(G58-1)*H58,-H58) -> -0.333 | L58: =IF(J58="w",(K58/100*2),0) -> 0 | M58: =K58-L58 -> -0.333
F59: 0-3 | G59: 10.5 | H59: 0.333 | J59: L | K59: =IF(J59="w",(G59-1)*H59,-H59) -> -0.333 | L59: =IF(J59="w",(K59/100*2),0) -> 0 | M59: =K59-L59 -> -0.333
F60: 1-3 | G60: 12 | H60: 0.333 | J60: L | K60: =IF(J60="w",(G60-1)*H60,-H60) -> -0.333 | L60: =IF(J60="w",(K60/100*2),0) -> 0 | M60: =K60-L60 -> -0.333
B61: 15 | C61: =C58+1 -> 45915 | D61: SEA | E61: Verona v Cremonese | F61: 0-1 | G61: 8.2 | H61: 0.333 | I61: 0-0 | J61: L | K61: =IF(J61="w",(G61-1)*H61,-H61) -> -0.333 | L61: =IF(J61="w",(K61/100*2),0) -> 0 | M61: =K61-L61 -> -0.333
F62: 1-1 | G62: 6.6 | H62: 0.333 | J62: L | K62: =IF(J62="w",(G62-1)*H62,-H62) -> -0.333 | L62: =IF(J62="w",(K62/100*2),0) -> 0 | M62: =K62-L62 -> -0.333
F63: 1-2 | G63: 12 | H63: 0.333 | J63: L | K63: =IF(J63="w",(G63-1)*H63,-H63) -> -0.333 | L63: =IF(J63="w",(K63/100*2),0) -> 0 | M63: =K63-L63 -> -0.333
C64: =C61 -> 45915 | D64: LAL | E64: Espanyol v Mallorca | F64: 1-0 | G64: 7.6 | H64: 0.333 | I64: 3-2 | J64: L | K64: =IF(J64="w",(G64-1)*H64,-H64) -> -0.333 | L64: =IF(J64="w",(K64/100*2),0) -> 0 | M64: =K64-L64 -> -0.333
F65: 2-0 | G65: 12 | H65: 0.333 | J65: L | K65: =IF(J65="w",(G65-1)*H65,-H65) -> -0.333 | L65: =IF(J65="w",(K65/100*2),0) -> 0 | M65: =K65-L65 -> -0.333
F66: 2-1 | G66: 11 | H66: 0.333 | J66: L | K66: =IF(J66="w",(G66-1)*H66,-H66) -> -0.333 | L66: =IF(J66="w",(K66/100*2),0) -> 0 | M66: =K66-L66 -> -0.333
B67: 16 | C67: =C64+1 -> 45916 | D67: UCL | E67: PSV v Union SG | F67: 2-1 | G67: 10 | H67: 0.333 | I67: 1-3 | J67: L | K67: =IF(J67="w",(G67-1)*H67,-H67) -> -0.333 | L67: =IF(J67="w",(K67/100*2),0) -> 0 | M67: =K67-L67 -> -0.333
F68: 3-1 | G68: 16.5 | H68: 0.333 | J68: L | K68: =IF(J68="w",(G68-1)*H68,-H68) -> -0.333 | L68: =IF(J68="w",(K68/100*2),0) -> 0 | M68: =K68-L68 -> -0.333
F69: 2-2 | G69: 14 | H69: 0.333 | J69: L | K69: =IF(J69="w",(G69-1)*H69,-H69) -> -0.333 | L69: =IF(J69="w",(K69/100*2),0) -> 0 | M69: =K69-L69 -> -0.333
C70: =C67 -> 45916 | D70: UCL | E70: Tottenham v Villarreal | F70: 2-1 | G70: 9.6 | H70: 0.333 | I70: 1-0 | J70: L | K70: =IF(J70="w",(G70-1)*H70,-H70) -> -0.333 | L70: =IF(J70="w",(K70/100*2),0) -> 0 | M70: =K70-L70 -> -0.333
F71: 3-1 | G71: 18 | H71: 0.333 | J71: L | K71: =IF(J71="w",(G71-1)*H71,-H71) -> -0.333 | L71: =IF(J71="w",(K71/100*2),0) -> 0 | M71: =K71-L71 -> -0.333
F72: 2-2 | G72: 16 | H72: 0.333 | J72: L | K72: =IF(J72="w",(G72-1)*H72,-H72) -> -0.333 | L72: =IF(J72="w",(K72/100*2),0) -> 0 | M72: =K72-L72 -> -0.333
B73: 17 | C73: =C70+1 -> 45917 | D73: UCL | E73: Slavia Prague v Bodo/Glimt | F73: 2-1 | G73: 10 | H73: 0.333 | I73: 2-2 | J73: L | K73: =IF(J73="w",(G73-1)*H73,-H73) -> -0.333 | L73: =IF(J73="w",(K73/100*2),0) -> 0 | M73: =K73-L73 -> -0.333
F74: 3-1 | G74: 17.5 | H74: 0.333 | J74: L | K74: =IF(J74="w",(G74-1)*H74,-H74) -> -0.333 | L74: =IF(J74="w",(K74/100*2),0) -> 0 | M74: =K74-L74 -> -0.333
F75: 2-2 | G75: 16 | H75: 0.333 | J75: W | K75: =IF(J75="w",(G75-1)*H75,-H75) -> 4.995 | L75: =IF(J75="w",(K75/100*2),0) -> 0.0999 | M75: =K75-L75 -> 4.8951
C76: =C73 -> 45917 | D76: UCL | E76: Bayern Munich v Chelsea | F76: 2-2 | G76: 15 | H76: 0.333 | I76: 3-1 | J76: L | K76: =IF(J76="w",(G76-1)*H76,-H76) -> -0.333 | L76: =IF(J76="w",(K76/100*2),0) -> 0 | M76: =K76-L76 -> -0.333
F77: 3-1 | G77: 15 | H77: 0.333 | J77: W | K77: =IF(J77="w",(G77-1)*H77,-H77) -> 4.662 | L77: =IF(J77="w",(K77/100*2),0) -> 0.09324 | M77: =K77-L77 -> 4.56876
F78: 3-2 | G78: 23 | H78: 0.333 | J78: L | K78: =IF(J78="w",(G78-1)*H78,-H78) -> -0.333 | L78: =IF(J78="w",(K78/100*2),0) -> 0 | M78: =K78-L78 -> -0.333
B79: 18 | C79: =C76+1 -> 45918 | D79: UCL | E79: Copenhagen v Leverkusen | F79: 1-2 | G79: 11 | H79: 0.333 | I79: 2-2 | J79: L | K79: =IF(J79="w",(G79-1)*H79,-H79) -> -0.333 | L79: =IF(J79="w",(K79/100*2),0) -> 0 | M79: =K79-L79 -> -0.333
F80: 1-3 | G80: 24 | H80: 0.333 | J80: L | K80: =IF(J80="w",(G80-1)*H80,-H80) -> -0.333 | L80: =IF(J80="w",(K80/100*2),0) -> 0 | M80: =K80-L80 -> -0.333
F81: 2-2 | G81: 16 | H81: 0.333 | J81: W | K81: =IF(J81="w",(G81-1)*H81,-H81) -> 4.995 | L81: =IF(J81="w",(K81/100*2),0) -> 0.0999 | M81: =K81-L81 -> 4.8951
C82: =C79 -> 45918 | D82: UCL | E82: Newcastle v Barcelona | F82: 1-2 | G82: 12 | H82: 0.333 | I82: 1-2 | J82: W | K82: =IF(J82="w",(G82-1)*H82,-H82) -> 3.663 | L82: =IF(J82="w",(K82/100*2),0) -> 0.07326 | M82: =K82-L82 -> 3.58974
F83: 1-3 | G83: 26 | H83: 0.333 | J83: L | K83: =IF(J83="w",(G83-1)*H83,-H83) -> -0.333 | L83: =IF(J83="w",(K83/100*2),0) -> 0 | M83: =K83-L83 -> -0.333
F84: 2-2 | G84: 13 | H84: 0.333 | J84: L | K84: =IF(J84="w",(G84-1)*H84,-H84) -> -0.333 | L84: =IF(J84="w",(K84/100*2),0) -> 0 | M84: =K84-L84 -> -0.333
B85: 19 | C85: =C82+1 -> 45919 | D85: SEA | E85: Lecce v Caligiari | F85: 0-1 | G85: 8.2 | H85: 0.333 | I85: 1-2 | J85: L | K85: =IF(J85="w",(G85-1)*H85,-H85) -> -0.333 | L85: =IF(J85="w",(K85/100*2),0) -> 0 | M85: =K85-L85 -> -0.333
F86: 0-2 | G86: 16 | H86: 0.333 | J86: L | K86: =IF(J86="w",(G86-1)*H86,-H86) -> -0.333 | L86: =IF(J86="w",(K86/100*2),0) -> 0 | M86: =K86-L86 -> -0.333
F87: 1-1 | G87: 6.4 | H87: 0.333 | J87: L | K87: =IF(J87="w",(G87-1)*H87,-H87) -> -0.333 | L87: =IF(J87="w",(K87/100*2),0) -> 0 | M87: =K87-L87 -> -0.333
C88: =C85 -> 45919 | D88: LAL | E88: Betis v Real Sociedad | F88: 1-0 | G88: 10 | H88: 0.333 | I88: 3-1 | J88: L | K88: =IF(J88="w",(G88-1)*H88,-H88) -> -0.333 | L88: =IF(J88="w",(K88/100*2),0) -> 0 | M88: =K88-L88 -> -0.333
F89: 1-1 | G89: 8.2 | H89: 0.333 | J89: L | K89: =IF(J89="w",(G89-1)*H89,-H89) -> -0.333 | L89: =IF(J89="w",(K89/100*2),0) -> 0 | M89: =K89-L89 -> -0.333
F90: 2-1 | G90: 9.8 | H90: 0.333 | J90: L | K90: =IF(J90="w",(G90-1)*H90,-H90) -> -0.333 | L90: =IF(J90="w",(K90/100*2),0) -> 0 | M90: =K90-L90 -> -0.333
B91: 20 | C91: =C88+1 -> 45920 | D91: PRL | E91: Brighton v Tottenham | F91: 2-1 | G91: 10.5 | H91: 0.333 | I91: 2-2 | J91: L | K91: =IF(J91="w",(G91-1)*H91,-H91) -> -0.333 | L91: =IF(J91="w",(K91/100*2),0) -> 0 | M91: =K91-L91 -> -0.333
F92: 2-0 | G92: 15.5 | H92: 0.333 | J92: L | K92: =IF(J92="w",(G92-1)*H92,-H92) -> -0.333 | L92: =IF(J92="w",(K92/100*2),0) -> 0 | M92: =K92-L92 -> -0.333
F93: 1-1 | G93: 8.4 | H93: 0.333 | J93: L | K93: =IF(J93="w",(G93-1)*H93,-H93) -> -0.333 | L93: =IF(J93="w",(K93/100*2),0) -> 0 | M93: =K93-L93 -> -0.333
C94: =C91 -> 45920 | D94: PRL | E94: Manchester Utd v Chelsea | F94: 0-2 | G94: 19.5 | H94: 0.333 | I94: 2-1 | J94: L | K94: =IF(J94="w",(G94-1)*H94,-H94) -> -0.333 | L94: =IF(J94="w",(K94/100*2),0) -> 0 | M94: =K94-L94 -> -0.333
F95: 1-1 | G95: 8.6 | H95: 0.333 | J95: L | K95: =IF(J95="w",(G95-1)*H95,-H95) -> -0.333 | L95: =IF(J95="w",(K95/100*2),0) -> 0 | M95: =K95-L95 -> -0.333
F96: 1-2 | G96: 12 | H96: 0.333 | J96: L | K96: =IF(J96="w",(G96-1)*H96,-H96) -> -0.333 | L96: =IF(J96="w",(K96/100*2),0) -> 0 | M96: =K96-L96 -> -0.333
B97: 21 | C97: =C94+1 -> 45921 | D97: PRL | E97: Bournemouth v Newcastle | F97: 1-0 | G97: 11 | H97: 0.333 | I97: 0-0 | J97: L | K97: =IF(J97="w",(G97-1)*H97,-H97) -> -0.333 | L97: =IF(J97="w",(K97/100*2),0) -> 0 | M97: =K97-L97 -> -0.333
F98: 2-1 | G98: 11 | H98: 0.333 | J98: L | K98: =IF(J98="w",(G98-1)*H98,-H98) -> -0.333 | L98: =IF(J98="w",(K98/100*2),0) -> 0 | M98: =K98-L98 -> -0.333
F99: 2-2 | G99: 15 | H99: 0.333 | J99: L | K99: =IF(J99="w",(G99-1)*H99,-H99) -> -0.333 | L99: =IF(J99="w",(K99/100*2),0) -> 0 | M99: =K99-L99 -> -0.333
C100: =C97 -> 45921 | D100: PRL | E100: Arsenal v Manchester City | F100: 2-1 | G100: 10 | H100: 0.333 | I100: 1-1 | J100: L | K100: =IF(J100="w",(G100-1)*H100,-H100) -> -0.333 | L100: =IF(J100="w",(K100/100*2),0) -> 0 | M100: =K100-L100 -> -0.333
F101: 2-2 | G101: 16.5 | H101: 0.333 | J101: L | K101: =IF(J101="w",(G101-1)*H101,-H101) -> -0.333 | L101: =IF(J101="w",(K101/100*2),0) -> 0 | M101: =K101-L101 -> -0.333
F102: 3-1 | G102: 18.5 | H102: 0.333 | J102: L | K102: =IF(J102="w",(G102-1)*H102,-H102) -> -0.333 | L102: =IF(J102="w",(K102/100*2),0) -> 0 | M102: =K102-L102 -> -0.333
...

Sheet PXCS - CHART
B2: PR0-XCS - September 2025: DAILY RESULTS
B4: Day | C4: Day Points: Profit / Loss | D4: Bank: Acc Points
B5: 0 | C5: 0 | D5: 0
B6: 1 | C6: =SUM('PXCS - Results'!M7:M12) -> 2.08791 | D6: =D5+C6 -> 2.08791
B7: 2 | C7: =SUM('PXCS - Results'!M13) -> 0 | D7: =D6+C7 -> 2.08791
B8: 3 | C8: =SUM('PXCS - Results'!M14) -> 0 | D8: =D7+C8 -> 2.08791
B9: 4 | C9: =SUM('PXCS - Results'!M15:M20) -> 0.684648 | D9: =D8+C9 -> 2.772558
B10: 5 | C10: =SUM('PXCS - Results'!M21:M26) -> 3.55644 | D10: =D9+C10 -> 6.328998
B11: 6 | C11: =SUM('PXCS - Results'!M27:M29) -> -0.999 | D11: =D10+C11 -> 5.329998
B12: 7 | C12: =SUM('PXCS - Results'!M30:M32) -> -0.999 | D12: =D11+C12 -> 4.330998
B13: 8 | C13: =SUM('PXCS - Results'!M33:M38) -> -1.998 | D13: =D12+C13 -> 2.332998
B14: 9 | C14: =SUM('PXCS - Results'!M39:M41) -> -0.999 | D14: =D13+C14 -> 1.333998
B15: 10 | C15: =SUM('PXCS - Results'!M42:M44) -> -0.999 | D15: =D14+C15 -> 0.334998
B16: 11 | C16: =SUM('PXCS - Results'!M45) -> 0 | D16: =D15+C16 -> 0.334998
B17: 12 | C17: =SUM('PXCS - Results'!M46:M51) -> -1.998 | D17: =D16+C17 -> -1.663002
B18: 13 | C18: =SUM('PXCS - Results'!M52:M57) -> -1.998 | D18: =D17+C18 -> -3.661002
B19: 14 | C19: =SUM('PXCS - Results'!M58:M60) -> -0.999 | D19: =D18+C19 -> -4.660002
B20: 15 | C20: =SUM('PXCS - Results'!M61:M66) -> -1.998 | D20: =D19+C20 -> -6.658002
B21: 16 | C21: =SUM('PXCS - Results'!M67:M72) -> -1.998 | D21: =D20+C21 -> -8.656002
B22: 17 | C22: =SUM('PXCS - Results'!M73:M78) -> 8.13186 | D22: =D21+C22 -> -0.524142
B23: 18 | C23: =SUM('PXCS - Results'!M79:M84) -> 7.15284 | D23: =D22+C23 -> 6.628698
B24: 19 | C24: =SUM('PXCS - Results'!M85:M90) -> -1.998 | D24: =D23+C24 -> 4.630698
B25: 20 | C25: =SUM('PXCS - Results'!M91:M96) -> -1.998 | D25: =D24+C25 -> 2.632698
B26: 21 | C26: =SUM('PXCS - Results'!M97:M102) -> -1.998 | D26: =D25+C26 -> 0.634698
B27: 22 | C27: =SUM('PXCS - Results'!M103:M108) -> -1.998 | D27: =D26+C27 -> -1.363302
B28: 23 | C28: =SUM('PXCS - Results'!M109:M114) -> 1.43523 | D28: =D27+C28 -> 0.071928
B29: 24 | C29: =SUM('PXCS - Results'!M115:M117) -> 2.43423 | D29: =D28+C29 -> 2.506158
B30: 25 | C30: =SUM('PXCS - Results'!M118:M120) -> 2.140524 | D30: =D29+C30 -> 4.646682
B31: 26 | C31: =SUM('PXCS - Results'!M121:M126) -> -1.998 | D31: =D30+C31 -> 2.648682
B32: 27 | C32: =SUM('PXCS - Results'!M127:M132) -> -1.998 | D32: =D31+C32 -> 0.650682
B33: 28 | C33: =SUM('PXCS - Results'!M133:M138) -> 1.43523 | D33: =D32+C33 -> 2.085912
B34: 29 | C34: =SUM('PXCS - Results'!M139:M141) -> 1.814184 | D34: =D33+C34 -> 3.900096
B35: 30 | C35: =SUM('PXCS - Results'!M142:M147) -> -1.998 | D35: =D34+C35 -> 1.902096
